 Dungeon Crawl Stone Soup version 0.22.0 (webtiles) character file.

27 KnightedAnt the Skirmisher (level 3, 3/29 HPs)
             Began as a Formicid Abyssal Knight on Oct 31, 2018.
             Was a Follower of Lugonu.
             Quit the game on level 2 of the Dungeon on Nov 1, 2018.
             The game lasted 00:02:04 (1305 turns).

KnightedAnt the Skirmisher (FoAK)                   Turns: 1305, Time: 00:02:04

Health: 3/29       AC:  7    Str: 17    XL:     3   Next: 25%
Magic:  4/4        EV: 17    Int: 11    God:    Lugonu [*.....]
Gold:   50         SH:  0    Dex: 15    Spells: 2/2 levels left

rFire    . . .     SeeInvis +   a - +1 mace
rCold    . . .     Gourm    .   (no shield)
rNeg     . . .     Faith    .   b - +0 leather armour
rPois    .         Spirit   .   (helmet unavailable)
rElec    .         Reflect  .   (no cloak)
rCorr    .         Harm     .   (no gloves)
MR       .....                  (no boots)
Stlth    ++........             (no amulet)
HPRegen  0.09/turn              h - +4 ring of protection
MPRegen  0.09/turn              (no ring)

@: agile, lethally poisoned (3 -> 0)
A: permanent stasis, dig shafts and tunnels, four strong arms, antennae 3
a: Dig, Shaft Self, Depart the Abyss, Renounce Religion


You were on level 2 of the Dungeon.
You worshipped Lugonu.
Lugonu was aware of your devotion.
You were not hungry.

You visited 1 branch of the dungeon, and saw 2 of its levels.
You visited the Abyss 1 time.

You collected 50 gold pieces.

Inventory:

Hand Weapons
 a - a +1 mace (weapon)
Missiles
 e - 49 sling bullets
 j - 31 stones (quivered)
Armour
 b - a +0 leather armour (worn)
Jewellery
 h - a +4 ring of protection (left hand)
Scrolls
 g - 2 scrolls of magic mapping {unknown}
 i - a scroll of enchant weapon {unknown}
Comestibles
 c - 2 rations


   Skills:
 + Level 3.5 Fighting
 + Level 2.3 Maces & Flails
 + Level 2.5 Armour
 + Level 1.3 Dodging
 + Level 2.6 Invocations


You had 2 spell levels left.
You didn't know any spells.
Your spell library was empty.

Dungeon Overview and Level Annotations

Branches:
Dungeon (2/15)

Altars:


Innate Abilities, Weirdness & Mutations

You cannot be hasted, slowed, berserked, paralysed or teleported.
You can dig through walls and to a lower floor.
Your four strong arms can wield two-handed weapons with a shield.
You have a pair of large antennae on your head. (SInv)


Message History

The adder is lightly wounded.
You feel sick. The adder barely misses you.
You barely miss the adder.
The adder is lightly wounded.
The adder barely misses you. The adder bites you but does no damage.
You hit the adder.
The adder is moderately wounded.
You feel sick. The adder misses you. The adder barely misses you.
You barely miss the adder.
The adder is moderately wounded.
You feel sick. The adder closely misses you.
You miss the adder.
The adder is moderately wounded.
The adder bites you.
* * * LOW HITPOINT WARNING * * *
The adder closely misses you.
It was a potion of agility.
You feel agile all of a sudden. The adder bites you but does no damage.
Are you sure you want to abandon this character and quit the game? (Confirm with "yes".)

###< .##..
....####....
#......... #
#.......!
..#.......
##.......##
........(.#
.......<@S#
........#.#
........#.#
..###...#.#
. #.###.# #.
.# ## .# ..


You could see an adder.

Vanquished Creatures
  A leopard gecko (D:1)
  3 goblins (D:1)
  A hobgoblin (D:1)
  6 jackals (D:1)
  6 bats (D:1)
  A frilled lizard (D:1)
  3 kobolds (D:1)
  2 rats (D:1)
23 creatures vanquished.

Notes
Turn   | Place    | Note
-------+----------+-------------------------------------------
     0 | Abyss:1  | KnightedAnt the Formicid Abyssal Knight began the quest for the Orb.
     0 | Abyss:1  | Reached XP level 1. HP: 18/18 MP: 2/2
    18 | Abyss:1  | Found a corrupted altar of Lugonu.
   107 | Abyss:2  | Noticed a starcursed mass
   126 | Abyss:2  | Noticed a ynoxinul
   132 | D:1      | Escaped the Abyss
   225 | D:1      | Reached skill level 1 in Dodging
   348 | D:1      | Reached XP level 2. HP: 16/24 MP: 3/3
   352 | D:1      | Reached * piety under Lugonu
   924 | D:1      | Reached XP level 3. HP: 29/29 MP: 4/4
  1305 | D:2      | Quit the game

Skill      XL: |  1 |
---------------+----+-----
Dodging        | 1 |  1.3
Fighting       | |  3.5
Maces & Flails | |  2.3
Armour         | |  2.5
Invocations    | |  2.6

Action                   || total
-------------------------++-------
Melee: Mace              ||    63
Invok: Depart the Abyss  ||     1
  Use: Potion            ||     1
  Eat: Chunk             ||     1
Armor: Leather armour    ||    35
Dodge: Dodged            ||    47
